 Dungeon Crawl Stone Soup version 0.30.0-29-ga12c61a403 (webtiles) character file.

Game seed: 7632964156497839798

2 monsoonserge the Sneak (level 1, -2/9 HPs)
             Began as a Vine Stalker Enchanter on June 14, 2023.
             Frozen to death by an endoplasm (3 damage)
             ... on level 1 of the Dungeon.
             The game lasted 00:00:26 (36 turns).

monsoonserge the Sneak (Vine Stalker Enchanter)       Turns: 36, Time: 00:00:27

Health: -2/9       AC:  2    Str: 10    XL:     1   Next: 30%
Magic:  0/4        EV: 12    Int: 15    God:
Gold:   0          SH:  0    Dex: 14    Spells: 4/4 levels left

rFire   . . .        a - +1 dagger
rCold   . . .        (no shield)
rNeg    . . .        b - +0 robe
rPois   .            (no helmet)
rElec   .            (no cloak)
rCorr   .            (no gloves)
SInv    .            (no boots)
Will    .....        (no amulet)
Stlth   ++           (no ring)
HPRegen 0.21/turn    (no ring)
MPRegen 0.09/turn

%: guardian spirit
@: no status effects
A: fangs 2, magic shield, antimagic bite, no potion heal 2
a: no special abilities


You were on level 1 of the Dungeon.
You visited 1 branch of the dungeon, and saw 1 of its levels.

Inventory:

Hand Weapons
 a - a +1 dagger (weapon)
Armour
 b - a +0 robe (worn)
Potions
 c - 2 potions of invisibility


   Skills:
 + Level 0.8 Short Blades
 + Level 1.5 Dodging
 + Level 3.8 Stealth
 + Level 2.1 Spellcasting
 + Level 3.0 Hexes


You had 4 spell levels left.
You didn't know any spells.
Your spell library contained the following spells:

 Spells                   Type           Power      Damage    Failure   Level
 Ensorcelled Hibernation  Hex/Ice        12%        N/A       19%         2
 Confusing Touch          Hex            10%        N/A       19%         3
 Tukima's Dance           Hex            10%        N/A       19%         3
 Dazzling Flash           Conj/Hex       12%        N/A       34%         3


Dungeon Overview and Level Annotations

Branches:
Dungeon (1/15)

Altars:


Innate Abilities, Weirdness & Mutations

You have extremely sharp teeth.
When hurt, damage is shared between your health and your magic reserves.
Your bite disrupts and absorbs the magic of your enemies.
Potions cannot restore your health.


Message History

Welcome, monsoonserge the Vine Stalker Enchanter.
Will you be the one to retrieve the transcendent Orb of Zot from the depths?
Press ? for a list of commands and other information.
Found a staircase leading out of the dungeon.
You open the door.
There is an open door here.
A bat comes into view.
A rat comes into view.
The helpless bat fails to defend itself.
You impale the bat!!
You kill the bat!
You see here a bat corpse.
The helpless rat fails to defend itself.
You puncture the rat!
You kill the rat!
An endoplasm and a gnoll come into view.
The gnoll shouts!
Found a potion of invisibility.
The endoplasm quivers.
You barely miss the gnoll. You bite the gnoll. You drain its power.
The gnoll is moderately wounded.
The gnoll hits you with a +0 flail.
You hit the gnoll. Your bite misses the gnoll.
The gnoll is moderately wounded.
The gnoll hits you with a +0 flail!
Ouch! That really hurt!
* * * LOW HITPOINT WARNING * * *
The gnoll attacks as you move away! The gnoll barely misses you.
The gnoll attacks as you move away! The gnoll barely misses you.
You hit the endoplasm. Your bite misses the endoplasm.
The endoplasm is almost dead.
The endoplasm freezes you.
You are frozen.
You die...

# ## #.!.#.#. #.#.
......... #.#.#
#...#.#... #....
#.........
#....##...#.......#.
#...................
.#......g..#.#.#.#.#
........J...#......#
.###.####@.#.#.#.#.#
....####........#.#
..........#.#...#.#
......†...†.....#.#######
..........#.....#.......#
#########....#...#######.
.....#.#..#.# #.
######.#####.. ##' ...
##..+..


You could see a gnoll and an endoplasm.

Vanquished Creatures
  A bat (D:1)
  A rat (D:1)
2 creatures vanquished.

Notes
Turn   | Place    | Note
-------+----------+-------------------------------------------
     0 | D:1      | monsoonserge the Vine Stalker Enchanter began the quest for
                  | the Orb.
     0 | D:1      | Reached XP level 1. HP: 9/9 MP: 4/4
    36 | D:1      | Frozen to death by an endoplasm

Illustrated notes

Levels and vault maps discovered:
D:1:      dpeg_arrival_radiant, layout_basic, serial_shops,
          nicolae_shop_just_a_little_nook, hangedman_decor_riveting,
          kennysheep_doodads, patterned_corridor

Action                     || total
---------------------------++-------
  Melee: Dagger            ||     5
         Bite              ||     1
   Stab: Sleeping          ||     2
  Dodge: Dodged            ||     2
